AoeStats
← ME_DEPRIME_JUGAR_CON_USTEDES

Arena

505978732Analyzed
4v4 RM · 21d ago on Sep 11, 2026· 22m 57s· 8 players
Game mode
Random Map
Map size
Large (8 player)
Population
200
Speed
Normal
Resources
Standard
Victory
Conquest
Starting age
Dark Age
Ending age
Imperial Age
RankedLock teamsTeams togetherTeam positionsShared explorationLock speedFull tech treeHidden civsTurbo modeCheats
Victory
Defeat
🇵🇪 Khmer · Peru
1583
+14
🇩🇪 Slavs · Germany
1563
+14
🇬🇧 Bengalis · United Kingdom
1552
+15
🇦🇷 Maya · Argentina
1541
+15
🇦🇷 Khmer · Argentina
1589
-17
🇨🇱 Burmese · Chile
1576
-16
🇨🇴 Italians · Colombia
1479
-13
🇨🇱 Cumans · Chile
1465
-12
Kempinho
10:10 Feudal Age
11:24 Loom
14:28 Castle Age
12:53 Double-Bit Axe
13:11 Horse Collar
17:37 Wheelbarrow
18:05 Town Watch
21:47 Bow Saw
22:00 Heavy Plow
23:09 Gold Mining
Frankie Fast Hands
11:12 Feudal Age
9:57 Loom
12:13 Double-Bit Axe
14:57 Castle Age
KLIKELIN
10:17 Feudal Age
13:41 Castle Age
11:41 Horse Collar
12:49 Double-Bit Axe
13:33 Loom
ME_DEPRIME_JUGAR_CON_USTEDES
0:37 Loom
11:12 Feudal Age
11:58 Double-Bit Axe
12:27 Double-Bit Axe
13:15 Forging
15:33 Castle Age
14:28 Horse Collar
16:58 Wheelbarrow
19:27 Bow Saw
AiM | ajimenezacosta6
9:59 Feudal Age
11:41 Loom
14:11 Castle Age
14:11 Horse Collar
14:19 Double-Bit Axe
16:52 Wheelbarrow
18:45 Bow Saw
19:48 Town Watch
22:12 Hand Cart
AiM | Facu1414
9:51 Feudal Age
10:20 Loom
13:16 Castle Age
11:27 Double-Bit Axe
13:33 Bloodlines
13:43 Light Cavalry
17:10 Horse Collar
17:58 Scale Barding Armor
21:45 Chain Barding Armor
22:00 Husbandry
AiM | TheBlackMamba
8:51 Feudal Age
9:26 Double-Bit Axe
15:37 Loom
20:28 Castle Age
21:57 Scale Barding Armor
22:02 Forging
AiM | Shuffle
10:06 Feudal Age
13:42 Castle Age
11:57 Horse Collar
12:28 Loom
12:37 Gold Mining
16:47 Sanctity
16:49 Atonement
17:26 Redemption
18:01 Fervor
17:54 Atonement
20:22 Fervor
Connection lost

Rejoining the realm…

Still unreachable

The connection could not be restored.

Session expired

The server has moved on; the page needs a fresh start.